 Dungeon Crawl Stone Soup version 0.26-a0-651-gb41185065b (webtiles) character file.

Game seed: 18042241777726208190

6665 lunkers the Grappler (level 10, -7/82 HPs)
             Began as a Demonspawn Fighter on Sept 29, 2020.
             Was a Priest of Nemelex Xobeh.
             Killed from afar by an electric eel (9 damage)
             ... with a bolt of electricity
             ... on level 9 of the Dungeon.
             The game lasted 00:16:20 (12282 turns).

lunkers the Grappler (Demonspawn Fighter)          Turns: 12282, Time: 00:16:20

Health: -7/82      AC: 14    Str: 20    XL:     10   Next: 73%
Magic:  0/14       EV:  8    Int: 10    God:    Nemelex Xobeh [***...]
Gold:   481        SH: 11    Dex: 12    Spells: 9/9 levels left

rFire    . . .     SeeInvis .     - Unarmed
rCold    . . .     Faith    .   b - +0 kite shield
rNeg     + . .     Spirit   +   a - +0 scale mail
rPois    .         Reflect  .   k - +0 helmet
rElec    .         Harm     .   F - +0 cloak
rCorr    +         Rampage  .   z - +1 pair of gloves
MR       .....                  (no boots)
Stlth    ..........             (no amulet)
HPRegen  0.23/turn              C - ring of positive energy
MPRegen  0.28/turn              B - ring of resist corrosion

@: mighty
A: talons 2, molten scales 2, powered by pain 1, magic shield, magic
regeneration
a: Draw Escape, Draw Destruction, Draw Summoning, Triple Draw, Renounce Religion


You were on level 9 of the Dungeon.
You worshipped Nemelex Xobeh.
Nemelex Xobeh was most pleased with you.
You visited 1 branch of the dungeon, and saw 9 of its levels.

You collected 481 gold pieces.

Inventory:

Armour
 a - a +0 scale mail (worn)
 b - a +0 kite shield (worn)
 k - a +0 helmet (worn)
 z - a +1 pair of gloves (worn)
 F - a +0 cloak (worn)
Jewellery
 i - an uncursed amulet of the acrobat {unknown}
 B - a ring of resist corrosion (right hand)
 C - a ring of positive energy (left hand)
 D - an uncursed ring of wizardry
Wands
 e - a wand of iceblast (8)
 q - a wand of disintegration (10)
 x - a wand of polymorph (4)
 G - a wand of enslavement (14)
Scrolls
 c - a scroll of fear {unknown}
 d - 6 scrolls of remove curse
 f - 3 scrolls of noise {unknown}
 g - 3 scrolls of teleportation
 h - 4 scrolls of identify
 n - 2 scrolls of random uselessness {unknown}
 o - 4 scrolls of enchant weapon {unknown}
 p - 4 scrolls of amnesia {unknown}
 r - 3 scrolls of immolation {unknown}
 y - 4 scrolls of magic mapping {unknown}
 A - a scroll of blinking {unknown}
 H - a scroll of holy word {unknown}
Potions
 j - 2 potions of invisibility
 l - a potion of ambrosia
 m - a potion of degeneration {unknown}
 s - a potion of flight {unknown}
 t - a potion of curing {unknown}
 u - a potion of berserk rage {unknown}
 v - 2 potions of might
 w - a potion of brilliance {unknown}
 E - a potion of mutation {unknown}


   Skills:
 + Level 8.5 Fighting
 - Level 2.6 Armour
 + Level 7.6 Shields
 * Level 10.3 Unarmed Combat
 + Level 6.5 Invocations


You had 9 spell levels left.
You didn't know any spells.
Your spell library contained the following spells:

 Spells                   Type           Power        Failure   Level
 Animate Skeleton         Necr           #.....       96%         1
 Apportation              Tloc           #.....       96%         1
 Corona                   Hex            #......      96%         1
 Summon Small Mammal      Summ           #...         96%         1
 Confusing Touch          Hex            #.......     100%        3
 Gell's Gravitas          Tloc           #.........   100%        3
 Petrify                  Tmut/Erth      #.......     100%        4
 Metabolic Englaciation   Hex/Ice        #.........   100%        5
 Yara's Violent Unravell  Hex/Tmut       #.........   100%        5


Dungeon Overview and Level Annotations

Branches:
Dungeon (9/15)             Temple (0/1) D:4            Lair (0/6) D:9
    Orc: D:9-12

Altars:
Gozag
Makhleb
Nemelex Xobeh
Qazlal
Trog
Uskayaw
Vehumet
Xom
The Shining One

Shops:
D:9 *

Annotations:
D:3 3 runed translucent doors, oldriver's ghost, amateur GrFi


Innate Abilities, Weirdness & Mutations

You have razor-sharp toenails.
You are mostly covered in molten scales. (AC +3)
You sometimes gain a little power by taking damage.
When hurt, damage is shared between your health and your magic reserves.
You regenerate magic rapidly.


Message History

The electric eel shoots out a bolt of lightning at you!
The bolt of electricity hits you!
* * * LOW MAGIC WARNING * * *
* * * LOW HITPOINT WARNING * * *
Evoke which item? (* to show all) (? for menu, Esc to quit)
Aiming: Disintegrate
Press: ? - help, Shift-Dir - straight line, f/p - electric eel
Aim: an electric eel (heavily wounded, chance to defeat MR: 73%)
The electric eel is blasted!
You blow up the electric eel!
Evoke which item? (* to show all) (? for menu, Esc to quit)
Aiming: Disintegrate
Press: ? - help, Shift-Dir - straight line, f - electric eel
Aim: an electric eel (water, chance to defeat MR: 73%)
The electric eel is blasted!
The electric eel shoots out a bolt of lightning at you!
The bolt of electricity hits you!
* * * LOW MAGIC WARNING * * *
You die...
Your body glows with a rainbow of weird colours and disappears.

.........##..########.......)....
#..........###..≈≈≈##........<...
.......#####≈..####.##...........
#.....##...≈≈##'..##.#...........
.>#####..#####.....#.#...........
.## ###'..##.....#.#...........
.####..#.....#≈≈..≈#≈#...#.......
.......#.....#.≈≈†(#≈#..##.....##
...##..#.≈..P#?.@≈≈#≈#.##.......#
)......#..≈≈.#≈;.≈≈#≈#..>...##...
##)....#.≈[..##≈≈≈##≈#.#....##...
#......#≈≈†≈≈######≈##...####....
#......##≈≈≈##≈....##...## ###..
........#####≈######.....# #.#
...)....'...≈#####......## ###
........######........###
......##.....))...##.##


You could see an electric eel.

Vanquished Creatures
  Harold (D:8)
  Maurice (D:8)
  Prince Ribbit (D:8)
  2 hippogriffs
  A wraith (D:9)
  A steam dragon (D:9)
  Edmund (D:5)
  2 sky beasts
  5 orc warriors
  An ice beast (D:7)
  A black bear (D:7)
  A necrophage (D:9)
  6 ogres
  A phantom (D:5)
  3 centaurs
  Blork the orc (D:5)
  A big kobold (D:7)
  A gnoll sergeant (D:9)
  4 bullfrogs (D:8)
  A scorpion (D:4)
  9 wights
  5 killer bees (D:8)
  6 electric eels
  A centaur zombie (D:5)
  3 hounds
  A quasit (D:8)
  4 bullfrog zombies
  6 orc priests
  A bullfrog skeleton (D:4)
  14 orc wizards
  Jessica (D:3)
  A gnoll shaman (D:9)
  3 iguanas
  6 worker ants
  A killer bee zombie (D:6)
  A hound zombie (D:9)
  A hound skeleton (D:9)
  A worker ant zombie (D:5)
  Robin (D:3)
  12 gnolls
  15 adders
  3 white imps
  2 ufetubi
  3 oozes
  An adder zombie (D:5)
  2 adder skeletons
  4 worms
  11 dart slugs
  11 leopard geckos
  37 orcs
  3 ball pythons (D:3)
  7 giant cockroaches
  18 goblins
  12 hobgoblins
  16 jackals
  2 quokkas
  9 bats
  8 frilled lizards
  10 kobolds
  A quokka skeleton (D:7)
  A quokka zombie (D:7)
  7 rats
297 creatures vanquished.

Vanquished Creatures (collateral kills)
  A gnoll sergeant (D:8)
  A wight (D:8)
2 creatures vanquished.

Vanquished Creatures (others)
  6 fungi (D:9)
  27 plants
33 creatures vanquished.

Grand Total: 332 creatures vanquished

Notes
Turn   | Place    | Note
-------+----------+-------------------------------------------
     0 | D:1      | lunkers the Demonspawn Fighter began the quest for the Orb.
     0 | D:1      | Reached XP level 1. HP: 18/18 MP: 1/1
   101 | D:1      | Reached skill level 2 in Unarmed Combat
   101 | D:1      | Gained mutation: You sometimes gain a little power by
                  | taking damage. [demonic ancestry]
   101 | D:1      | Reached XP level 2. HP: 17/24 MP: 2/2
   629 | D:1      | Gained mutation: When hurt, damage is shared between your
                  | health and your magic reserves. [demonic ancestry]
   629 | D:1      | Reached XP level 3. HP: 29/29 MP: 3/3
  1359 | D:2      | Reached skill level 3 in Unarmed Combat
  1905 | D:2      | Gained mutation: You regenerate magic rapidly. [demonic
                  | ancestry]
  1905 | D:2      | Reached XP level 4. HP: 37/37 MP: 2/4
  2835 | D:3      | Noticed Jessica
  3151 | D:3      | Found a hide-covered altar of Uskayaw.
  3153 | D:3      | Noticed Robin
  3184 | D:3      | Gained mutation: You have sharp toenails. [demonic
                  | ancestry]
  3184 | D:3      | Reached XP level 5. HP: 20/42 MP: 3/5
  3199 | D:3      | Killed Jessica
  3211 | D:3      | Killed Robin
  3211 | D:3      | Reached skill level 4 in Unarmed Combat
  3254 | D:3      | Found a shimmering altar of Xom.
  3254 | D:3      | Found a sparkling altar of Nemelex Xobeh.
  3255 | D:3      | Found a radiant altar of Vehumet.
  3261 | D:3      | Found a glowing golden altar of the Shining One.
  3262 | D:3      | Found a bloodstained altar of Trog.
  3267 | D:3      | Became a worshipper of Nemelex Xobeh the Trickster
  3599 | D:3      | Found a stormy altar of Qazlal.
  3917 | D:3      | Found a runed translucent gate.
  3917 | D:3      | Found a runed translucent gate.
  3917 | D:3      | Found a runed translucent gate.
  3919 | D:3      | Found an opulent altar of Gozag.
  3921 | D:3      | Noticed oldriver's ghost (amateur GrFi)
  4201 | D:4      | Found a staircase to the Ecumenical Temple.
  4262 | D:4      | Reached XP level 6. HP: 15/49 MP: 3/6
  4633 | D:4      | Reached * piety under Nemelex Xobeh
  4879 | D:4      | You fall into a shaft and drop 3 floors!
  5101 | D:6      | Reached skill level 5 in Unarmed Combat
  5102 | D:6      | Noticed an orc warrior
  5111 | D:6      | Gained mutation: You are partially covered in molten
                  | scales. (AC +2) [demonic ancestry]
  5111 | D:6      | Reached XP level 7. HP: 45/55 MP: 7/7
  5123 | D:6      | Reached skill level 5 in Fighting
  5173 | D:5      | Entered Level 5 of the Dungeon
  5709 | D:5      | Noticed Blork the orc
  5718 | D:5      | Killed Blork the orc
  5819 | D:5      | Received a gift from Nemelex Xobeh
  5942 | D:5      | Reached skill level 6 in Unarmed Combat
  6341 | D:5      | Gained mutation: You are mostly covered in molten scales.
                  | (AC +3) [demonic ancestry]
  6341 | D:5      | Reached XP level 8. HP: 49/64 MP: 8/8
  6488 | D:5      | Noticed Edmund
  6497 | D:5      | Killed Edmund
  6497 | D:5      | Reached skill level 5 in Shields
  6630 | D:5      | Reached skill level 7 in Unarmed Combat
  7083 | D:6      | Reached ** piety under Nemelex Xobeh
  7591 | D:6      | Found a sparkling altar of Nemelex Xobeh.
  8059 | D:6      | Gained mutation: You have razor-sharp toenails. [demonic
                  | ancestry]
  8059 | D:6      | Reached XP level 9. HP: 29/71 MP: 9/9
  8268 | D:7      | Reached skill level 8 in Unarmed Combat
  8285 | D:7      | Reached skill level 1 in Invocations
  8648 | D:7      | Reached *** piety under Nemelex Xobeh
  9686 | D:8      | Found an opulent altar of Gozag.
  9796 | D:8      | Reached skill level 9 in Unarmed Combat
 10157 | D:8      | Noticed Harold
 10165 | D:8      | Noticed Prince Ribbit
 10182 | D:8      | Killed Harold
 10182 | D:8      | Reached XP level 10. HP: 55/80 MP: 10/13
 10203 | D:8      | Killed Prince Ribbit
 10204 | D:8      | Reached skill level 5 in Invocations
 10532 | D:8      | Noticed Maurice
 10557 | D:8      | Killed Maurice
 10558 | D:8      | Received a gift from Nemelex Xobeh
 10902 | D:9      | Found a burning altar of Makhleb.
 10992 | D:9      | Reached skill level 10 in Unarmed Combat
 11163 | D:9      | Found Yxkeam's General Store.
 11517 | D:9      | Found a staircase to the Lair.
 12280 | D:9      | HP: 2/82 [electric eel/bolt of electricity (7)]
 12282 | D:9      | Killed from afar by an electric eel

Illustrated notes

Levels and vault maps discovered:
D:1:      minmay_arrival_four_loops, layout_basic, serial_bayou_lagoon_a,
          minmay_unequal
D:2:      layout_basic, minmay_tetromino_t4
D:3:      layout_loops_cross, grunt_temple_overflow_open,
          nicolae_qazlal_eye_of_the_storm, ebering_ghost_gozag,
          minmay_shallow_snake_nest, uniq_robin, uniq_jessica
D:4:      minmay_recursive_quarters, layout_rooms, minmay_temple_entry_slanted,
          roderic_roman_lattice
D:5:      layout_gridville, minmay_a_box_with_orc_wizards_in_it,
          uniq_blork_the_orc, uniq_edmund
D:6:      kennysheep_slugbush, layout_basic, nemelex_diamond_rough_becter
D:7:      layout_cave_pools
D:8:      layout_rooms, marbit_many_paths, uniq_harold, uniq_maurice,
          uniq_prince_ribbit1
D:9:      cheibrodos_two_vegetables, layout_cave_pools, dpeg_oklobed_lair,
          serial_gnoll_camp, gnoll_camp_medium_02, gnoll_camp_mini_doghouse,
          gnoll_camp_mini_hut, gnoll_camp_mini_hut, gnoll_camp_mini_hut,
          serial_shops, nicolae_shop_stone, bloody_makhleb

Skill      XL: |  1  2  3  4  5  6  7  8  9 10 |
---------------+-------------------------------+-----
Unarmed Combat | 2 3 4 5 6 7 9 10 | 10.3
Shields        | 3 4 5 6 7 |  7.6
Fighting       | 4 5 6 7 8 |  8.5
Invocations    | 4 6 |  6.5
Armour         | |  2.6

Action                   |  1- 3 |  4- 6 |  7- 9 | 10-12 || total
-------------------------+-------+-------+-------+-------++-------
Melee: Unarmed           |   223 |   392 |   536 |   275 ||  1426
       Kick              |       |    42 |   150 |    72 ||   264
Invok: Draw Destruction  |       |       |     5 |       ||     5
       Draw Summoning    |       |       |       |     1 ||     1
Evoke: Wand              |       |       |     4 |     5 ||     9
  Use: Potion            |       |     3 |       |     2 ||     5
       Scroll            |       |       |     4 |       ||     4
Armor: Scale mail        |   100 |   160 |   255 |   119 ||   634
Dodge: Dodged            |    54 |    98 |   149 |    85 ||   386
Block: Kite shield       |    98 |   187 |   247 |   162 ||   694

Table legend: (Time is in decaauts)
 A = Elapsed time spent in this place.
 B = Non-inter-level travel time spent in this place.
 C = Inter-level travel time spent in this place.
 D = Time resting spent in this place.
 E = Time spent auto-exploring this place.
 F = Levels seen in this place.
 G = Mean time per level.
                   A        B        C        D        E       F      G
               +--------+--------+--------+--------+--------+-----+--------+
         Total |  12257 |  12037 |    220 |    988 |   8610 |   9 | 1361.9 |
       Dungeon |  12257 |  12037 |    220 |    988 |   8610 |   9 | 1361.9 |
               +--------+--------+--------+--------+--------+-----+--------+

Top non-repeatable levels by time:
     D:2: 1896 daAuts
     D:8: 1766 daAuts
     D:5: 1588 daAuts
     D:6: 1538 daAuts
     D:9: 1509 daAuts
     D:1: 1233 daAuts
     D:7: 972 daAuts
     D:3: 951 daAuts
     D:4: 800 daAuts
